 Dungeon Crawl Stone Soup version 0.22-a0-259-gdd11e71 (webtiles) character file.

55 HEYYEYAAE the Caller (level 3, -2/27 HPs)
             Began as a Demigod Summoner on Mar 5, 2018.
             Slain by a jackal (3 damage)
             ... on level 2 of the Dungeon.
             The game lasted 00:01:54 (1299 turns).

HEYYEYAAE the Caller (Demigod Summoner)             Turns: 1299, Time: 00:01:55

Health: -2/27      AC:  2    Str: 11    XL:     3   Next: 45%
Magic:  5/8        EV: 13    Int: 21    God:
Gold:   87         SH:  0    Dex: 16    Spells: 3/6 levels left

rFire    . . .     SeeInvis .   i - +0 halberd
rCold    . . .     Gourm    .   (shield currently unavailable)
rNeg     . . .     Faith    .   a - +0 robe
rPois    .         Spirit   .   (no helmet)
rElec    .         Reflect  .   (no cloak)
rCorr    .         Harm     .   (no gloves)
MR       .....                  (no boots)
Stlth    ++........             (no amulet)
HPRegen  0.09/turn              (no ring)
MPRegen  0.11/turn              (no ring)

@: no status effects
A: high mp 1
a: no special abilities


You were on level 2 of the Dungeon.
You were not hungry.

You visited 1 branch of the dungeon, and saw 2 of its levels.

You collected 87 gold pieces.

Inventory:

Hand Weapons
 i - a +0 halberd (weapon)
Armour
 a - a +0 robe (worn)
Jewellery
 j - an uncursed amulet of faith {unknown}
Scrolls
 h - a scroll of noise {unknown}
 k - 2 scrolls of enchant armour {unknown}
 l - a scroll of remove curse {unknown}
Potions
 b - 2 potions of invisibility {unknown}
 d - a potion of curing {unknown}
 e - 2 potions of haste {unknown}
 g - a potion of flight {unknown}
Comestibles
 c - 2 rations


   Skills:
 + Level 0.7 Fighting
 + Level 1.1 Armour
 + Level 2.3 Dodging
 - Level 1.7 Stealth
 + Level 2.1 Spellcasting
 * Level 4.0 Summonings


You had 3 spell levels left.
You knew the following spells:

 Your Spells              Type           Power        Failure   Level  Hunger
a - Call Imp              Summ           ###.....     4%          2    ##.....
b - Summon Small Mammal   Summ           ###.         2%          1    #......


Dungeon Overview and Level Annotations

Branches:
Dungeon (2/15)


Innate Abilities, Weirdness & Mutations

You have an increased reservoir of magic. (+10% MP)


Message History

* * * LOW HITPOINT WARNING * * *
The jackal bites you.
* * * LOW HITPOINT WARNING * * *
The jackal bites you.
* * * LOW HITPOINT WARNING * * *
The jackal barely misses you.
Your crimson imp blinks! x2
The jackal closely misses you.
Your crimson imp disappears in a puff of smoke!
The jackal completely misses you. The jackal bites you.
* * * LOW HITPOINT WARNING * * *
The jackal misses you. The jackal barely misses you.
The jackal closely misses you. The jackal bites you.
* * * LOW HITPOINT WARNING * * *
The jackal bites you.
* * * LOW HITPOINT WARNING * * *
The jackal bites you.
You die...

###############.#
#†..h@55........#
#.#######...####
#. #...# #.
#...#### #.
##.....# #.
#.###.# #. #.# #
#. #.#######
#.#.(.....#


You could see a jackal and 2 friendly crimson imps.

Vanquished Creatures
  An adder (D:2)
  A leopard gecko (D:2)
  A ball python (D:1)
  2 goblins (D:2)
  A hobgoblin (D:1)
  A jackal (D:2)
  2 bats
  2 frilled lizards (D:1)
  A kobold (D:1)
12 creatures vanquished.

Vanquished Creatures (collateral kills)
  3 gnolls (D:2)
  3 dart slugs (D:1)
  2 bats
  2 giant cockroaches
  4 goblins
  4 hobgoblins
  2 jackals (D:2)
  A kobold (D:2)
  A rat (D:1)
22 creatures vanquished.

Grand Total: 34 creatures vanquished

Notes
Turn   | Place    | Note
-------+----------+-------------------------------------------
     0 | D:1      | HEYYEYAAE the Demigod Summoner began the quest for the Orb.
     0 | D:1      | Reached XP level 1. HP: 14/14 MP: 5/5
   380 | D:1      | Reached XP level 2. HP: 14/20 MP: 5/7
   791 | D:1      | Learned a level 2 spell: Call Imp
  1079 | D:2      | Reached skill level 1 in Armour
  1088 | D:2      | Reached skill level 4 in Summonings
  1088 | D:2      | Reached XP level 3. HP: 19/27 MP: 0/8
  1298 | D:2      | HP: 1/27 [jackal (2)]
  1299 | D:2      | Slain by a jackal

Vault maps used:
D:1:      elethiomel_arrival_infinity_welcomes_careful_drivers
D:2:      chequers_big_river, uniq_terence, uniq_robin

Skill      XL: |  1  2 |
---------------+-------+-----
Dodging        | 2 |  2.3
Spellcasting   | 2 |  2.1
Armour         | 1 |  1.1
Summonings     | 4 |  4.0
Fighting       | |  0.7
Stealth        | |  1.7

Action                   || total
-------------------------++-------
Melee: Unarmed           ||    65
       Halberd           ||    26
 Cast: Summon Small Mamm ||    17
       Call Imp          ||     8
 Stab: Sleeping          ||     2
  Eat: Chunk             ||     2
Armor: Robe              ||    27
Dodge: Dodged            ||   120

Table legend:
 A = Spawn XP
 B = Non-spawn XP
 C = Spawn XP percentage of total XP
 D = Spawn monster count
 E = Non-spawn monster count
 F = Spawn count percentage of total count
 G = Total turns spent on level
                    A         B        C        D         E        F      G
               +---------+---------+-------+---------+---------+-------+---------
         Total |       0 |      79 |   0.0 |       0 |      34 |   0.0 |  1299
               +---------+---------+-------+---------+---------+-------+---------
           D:1 |       0 |      24 |   0.0 |       0 |      16 |   0.0 |  1052
           D:2 |       0 |      55 |   0.0 |       0 |      18 |   0.0 |   247
               +---------+---------+-------+---------+---------+-------+---------
